AoeStats
← Neframack

Arena

509055955Analyzed
4v4 RM · 8d ago on Sep 25, 2026· 38m 44s· 8 players
Game mode
Random Map
Map size
Large (8 player)
Population
200
Speed
Normal
Resources
Standard
Victory
Conquest
Starting age
Dark Age
Ending age
Imperial Age
RankedLock teamsTeams togetherTeam positionsShared explorationLock speedFull tech treeHidden civsTurbo modeCheats
Victory
Defeat
🇨🇳 Mongols · China
1640
+11
🇹🇼 Mapuche · Taiwan
1528
+15
🇯🇵 Vietnamese · Japan
1463
+18
🇨🇳 Celts · China
1380
+21
🇨🇳 Italians · China
1656
-22
🇨🇳 Byzantines · China
1648
-21
🇦🇺 Bulgarians · Australia
1386
-11
🇬🇷 Sicilians · Greece
1369
-11
ggsadpom,sdf
10:02 Feudal Age
14:00 Castle Age
12:16 Double-Bit Axe
12:39 Horse Collar
19:07 Loom
19:11 Town Watch
23:13 Wheelbarrow
26:46 Gold Mining
27:07 Bow Saw
31:44 Imperial Age
29:56 Stone Mining
31:30 Forging
31:52 Capped Ram
32:35 Heavy Plow
34:00 Iron Casting
35:13 Elite Kona
36:54 Blast Furnace
36:45 Conscription
39:53 Gold Shaft Mining
39:54 Stone Shaft Mining
39:50 Crop Rotation
YYQ
9:33 Feudal Age
10:53 Double-Bit Axe
13:38 Castle Age
11:39 Horse Collar
15:01 Bow Saw
21:33 Wheelbarrow
21:01 Heavy Plow
24:41 Gold Mining
27:26 Imperial Age
25:04 Stone Mining
25:02 Loom
25:03 Town Watch
25:38 Hand Cart
26:10 Gold Shaft Mining
25:58 Fletching
26:29 Padded Archer Armor
26:51 Bodkin Arrow
27:44 Ballistics
27:59 Leather Archer Armor
28:32 Conscription
28:13 Elite Mangudai
29:09 Bloodlines
29:30 Thumb Ring
29:26 Bracer
30:11 Parthian Tactics
30:52 Drill
30:23 Capped Ram
31:23 Scale Barding Armor
31:29 Forging
31:20 Siege Ram
32:07 Siege Engineers
33:06 Chemistry
33:18 Coinage
33:12 Siege Engineers
34:14 Chain Barding Armor
34:29 Iron Casting
33:15 Light Cavalry
33:58 Husbandry
33:19 Light Cavalry
36:07 Banking
cuilao8123
10:11 Feudal Age
10:38 Horse Collar
10:44 Double-Bit Axe
17:37 Castle Age
16:25 Stone Mining
17:20 Gold Mining
18:49 Wheelbarrow
18:54 Bow Saw
18:46 Heavy Plow
19:50 Hand Cart
20:05 Loom
27:34 Stone Shaft Mining
27:35 Gold Shaft Mining
31:22 Imperial Age
29:37 Ballistics
29:29 Fortified Wall
29:30 Masonry
31:53 Town Watch
32:30 Conscription
32:20 Furor Celtica
31:33 Heavy Scorpion
33:16 Chemistry
35:05 Scale Mail Armor
35:16 Forging
35:41 Onager
37:12 Chain Mail Armor
37:32 Iron Casting
37:37 Guilds
37:46 Pikeman
38:12 Gambesons
38:12 Arson
39:01 Plate Mail Armor
39:31 Blast Furnace
38:39 Halberdier
tktk
11:21 Feudal Age
12:24 Double-Bit Axe
15:32 Castle Age
13:52 Horse Collar
15:53 Loom
17:48 Bow Saw
22:24 Wheelbarrow
21:53 Heavy Plow
24:08 Hand Cart
23:48 Gold Mining
30:00 Imperial Age
27:46 Fletching
27:57 Padded Archer Armor
27:53 Stone Mining
28:30 Bodkin Arrow
28:59 Ballistics
29:16 Thumb Ring
29:01 Elite Skirmisher
30:37 Leather Archer Armor
30:22 Imperial Skirmisher
31:10 Bracer
32:17 Chemistry
32:26 Two-Man Saw
31:58 Crop Rotation
32:06 Stone Shaft Mining
32:13 Ring Archer Armor
34:09 Pikeman
34:49 Squires
34:48 Halberdier
35:45 Scale Mail Armor
Hash-
9:58 Feudal Age
13:54 Castle Age
11:42 Double-Bit Axe
12:21 Horse Collar
18:15 Wheelbarrow
19:12 Bow Saw
23:17 Gold Mining
23:47 Hand Cart
28:11 Imperial Age
25:38 Loom
25:57 Town Watch
26:42 Padded Archer Armor
26:33 Fletching
27:27 Ballistics
27:51 Leather Archer Armor
27:31 Bodkin Arrow
29:59 Chemistry
29:31 Ring Archer Armor
29:01 Bracer
29:53 Conscription
32:51 Pirotechnia
34:38 Scale Barding Armor
34:43 Forging
33:57 Elite Skirmisher
34:09 Capped Ram
枯山水
10:50 Feudal Age
14:25 Castle Age
12:14 Double-Bit Axe
12:10 Horse Collar
20:03 Bow Saw
22:41 Wheelbarrow
22:34 Stone Mining
23:22 Gold Mining
24:58 Loom
28:46 Imperial Age
26:25 Scale Barding Armor
26:30 Forging
27:00 Hand Cart
26:49 Heavy Plow
27:40 Stone Shaft Mining
27:41 Chain Barding Armor
28:13 Iron Casting
28:00 Treadmill Crane
29:06 Elite Cataphract
29:20 Capped Ram
30:59 Plate Barding Armor
31:15 Conscription
31:10 Husbandry
32:09 Siege Ram
36:52 Logistica
Neframack
11:16 Feudal Age
12:04 Loom
17:53 Castle Age
16:54 Wheelbarrow
16:09 Double-Bit Axe
16:07 Horse Collar
21:23 Heavy Plow
23:26 Hand Cart
24:21 Bow Saw
24:25 Stone Mining
27:16 Gold Mining
30:53 Town Watch
31:15 Gambesons
31:30 Squires
31:39 Scale Mail Armor
31:49 Forging
34:12 Imperial Age
34:22 Imperial Age
Petard Pete
10:38 Feudal Age
12:15 Loom
14:57 Castle Age
13:04 Double-Bit Axe
15:04 Horse Collar
17:48 Heavy Plow
18:02 Bow Saw
18:29 Fletching
24:01 Wheelbarrow
23:39 Gold Mining
Connection lost

Rejoining the realm…

Still unreachable

The connection could not be restored.

Session expired

The server has moved on; the page needs a fresh start.